 Dungeon Crawl Stone Soup version 0.18.1-48-g4cf74bf (webtiles) character file.

149 Lennu the Chiller (level 5, -1/37 HPs)
             Began as a Formicid Ice Elementalist on June 28, 2016.
             Killed from afar by an orc wizard (13 damage)
             ... with a puff of flame
             ... on level 3 of the Dungeon.
             The game lasted 00:16:38 (2781 turns).

Lennu the Chiller (Formicid Ice Elementalist)       Turns: 2781, Time: 00:16:38

Health: -1/37      AC:  7    Str: 13    XL:     5   Next: 56%
Magic:  1/9        EV: 10    Int: 15    God:
Gold:   133        SH:  0    Dex: 11    Spells: 1 memorised, 9 levels left

rFire  . . .     SeeInvis +     n - +0 spear
rCold  . . .     Gourm    .     p - +0 scale mail
rNeg   . . .     Faith    .     (no shield)
rPois  .         Spirit   .     (helmet unavailable)
rElec  .         Dismiss  .     (no cloak)
rCorr  .         Reflect  .     h - +0 pair of gloves
SustAt .         Harm     .     (no boots)
MR     +....                    (no amulet)
Stlth  +.........               (no ring)
                                k - ring of protection from magic

@: very slightly contaminated, somewhat resistant to hostile enchantments, very
unstealthy
A: permanent stasis, dig shafts and tunnels, four strong arms, antennae 3
a: Dig, Shaft Self


You were on level 3 of the Dungeon.
You were not hungry.

You visited 1 branch of the dungeon, and saw 3 of its levels.

You collected 133 gold pieces.

Inventory:

Hand Weapons
 n - a +0 spear (weapon)
Armour
 a - a +0 robe
 h - a +0 pair of gloves (worn)
 p - a +0 scale mail (worn)
Rods
 e - a +0 lightning rod (9/9)
   (You took it off a goblin on level 2 of the Dungeon)
Jewellery
 k - a ring of protection from magic (left hand)
Scrolls
 d - a scroll of identify {unknown}
 i - a scroll of immolation {unknown}
 j - 3 scrolls of remove curse {unknown}
 q - a scroll of teleportation {unknown}
Potions
 f - a potion of curing
 l - a potion of haste {unknown}
 o - a potion of heal wounds {unknown}
Books
 b - a book of Frost

   Spells                             Type                      Level
   a - Freeze                         Ice                          1
   b - Throw Frost                    Conjuration/Ice              2
   c - Ozocubu's Armour               Charms/Ice                   3
   d - Throw Icicle                   Conjuration/Ice              4
   e - Summon Ice Beast               Ice/Summoning                4
 m - a book of Unlife

   Spells                             Type                      Level
   a - Recall                         Summoning/Translocation      3
   b - Animate Dead                   Necromancy                   4
   c - Control Undead                 Necromancy                   4
   d - Cigotuvi's Embrace             Necromancy                   5
   e - Death Channel                  Necromancy                   6
   f - Simulacrum                     Ice/Necromancy               6
Comestibles
 c - 5 bread rations
 g - a meat ration
 r - 10 chunks of flesh


   Skills:
 * Level 1.3 Fighting
 * Level 1.2 Polearms
 * Level 1.6 Armour
 * Level 2.9 Dodging
 - Level 2.4 Stealth
 + Level 3.0 Spellcasting
   Level 0.8 Conjurations
 + Level 3.6 Ice Magic


You had 9 spell levels left.
You knew the following spells:

 Your Spells              Type           Power        Failure   Level  Hunger
a - Freeze                Ice            ##..         24%         1    #......


Dungeon Overview and Level Annotations

Branches:
Dungeon (3/15)

Altars:
Cheibriados
Zin


Innate Abilities, Weirdness & Mutations

You are under a permanent stasis effect.
You can dig through walls and to a lower floor.
Your four strong arms can wield two-handed weapons with a shield.
You have a pair of large antennae on your head (SInv).


Message History

You barely miss the orc wizard.
The orc wizard is heavily wounded.
The orc wizard hits you with a dagger.
* * * LOW HITPOINT WARNING * * *
You closely miss the orc wizard.
The orc wizard is heavily wounded.
The orc wizard hits you but does no damage.
You closely miss the orc wizard.
The orc wizard is heavily wounded.
The orc wizard casts a spell at you. The puff of flame hits you!
* * * LOW HITPOINT WARNING * * *
Drink which item? (? for menu, Esc to quit)
You feel better. The orc wizard hits you with a dagger.
* * * LOW HITPOINT WARNING * * *
You hit the orc wizard.
The orc wizard is heavily wounded.
The orc wizard points at you and mumbles some strange words.
The puff of flame hits you!
You die...

...# ..# ..... ...
...# ..# #..# ..###
..# .... { ..####.#
..# .......#####.%#
#....@o..#
#.##.###.# #.##.# ..
#######.##.# ##
#.......##..
#.###.##########...
#.......## #...#
#####....#######...#
#................#


You could see an orc wizard (invisible).

Vanquished Creatures
  An orc priest (D:3)
  2 orc wizards (D:3)
  An ooze (D:3)
  A worm (D:2)
  A dart slug (D:1)
  4 orcs (D:3)
  6 giant cockroaches
  8 goblins
  3 hobgoblins
  5 jackals
  A quokka (D:2)
  2 ball pythons (D:1)
  5 bats
  4 giant newts
  10 kobolds
  6 rats
60 creatures vanquished.

Notes
Turn   | Place    | Note
--------------------------------------------------------------
     0 | D:1      | Lennu the Formicid Ice Elementalist began the quest for the Orb.
     0 | D:1      | Reached XP level 1. HP: 13/13 MP: 3/3
   203 | D:1      | Reached XP level 2. HP: 7/19 MP: 0/5
   763 | D:1      | Reached XP level 3. HP: 25/25 MP: 4/6
  1375 | D:2      | HP: 1/25 [bat (1)]
  1382 | D:2      | Reached skill level 1 in Fighting
  1970 | D:2      | Reached XP level 4. HP: 6/32 MP: 1/7
  2277 | D:2      | Found a snail-covered altar of Cheibriados.
  2277 | D:2      | Found a glowing silver altar of Zin.
  2551 | D:3      | Reached skill level 1 in Armour
  2760 | D:3      | Reached skill level 1 in Polearms
  2760 | D:3      | Reached XP level 5. HP: 25/37 MP: 4/9
  2781 | D:3      | Killed from afar by an orc wizard

Skill      XL: |  1  2  3  4  5 |
---------------+----------------+-----
Dodging        | 2 |  2.9
Fighting       | 1 |  1.3
Armour         | 1 |  1.6
Polearms       | 1 |  1.2
Spellcasting   | 3 |  3.0
Stealth        | |  2.4
Conjurations   | |  0.8
Ice Magic      | |  3.6

Action                   |  1- 3 |  4- 6 || total
-------------------------+-------+-------++-------
Melee: Short sword       |     6 |       ||     6
       Dagger            |     1 |       ||     1
       Unarmed           |     1 |       ||     1
       Club              |    54 |       ||    54
       Spear             |    34 |    70 ||   104
       Quarterstaff      |     7 |       ||     7
 Cast: Freeze            |    37 |    14 ||    51
  Use: Potion            |       |     3 ||     3
 Stab: Sleeping          |     3 |     1 ||     4
       Distracted        |     1 |       ||     1
  Eat: Chunk             |     2 |       ||     2
       Meat ration       |     1 |       ||     1
Armor: Robe              |    40 |       ||    40
       Scale mail        |       |    27 ||    27
Dodge: Dodged            |   113 |    25 ||   138
